 Dungeon Crawl Stone Soup version 0.14-a0-2730-g72a2965 (webtiles) character file.

2431 MirrMurr the Covert (level 9, 0/42 HPs)
             Began as a Spriggan Enchanter on Feb 20, 2014.
             Was an Initiate of Dithmenos.
             Slain by a killer bee (4 damage)
             ... on Level 7 of the Dungeon.
             The game lasted 00:22:31 (9571 turns).

MirrMurr the Covert (Spriggan Enchanter)            Turns: 9571, Time: 00:22:31

HP   0/42        AC  3     Str  7      XL: 9   Next: 11%
MP  20/27        EV 18     Int 16      God: Dithmenos [......]
Gold 260         SH  0     Dex 17      Spells:  3 memorised, 14 levels left

rFire  . . .     SeeInvis +     a - +1,+2 dagger
rCold  . . .     Clarity  .     G - +1 robe
rNeg   + . .     Conserve .     (shield restricted)
rPois  .         rCorr    .     (helmet restricted)
rElec  .         rRot     .     (no cloak)
SustAb . .       Spirit   .     (gloves unavailable)
rMut   +         Warding  .     (boots unavailable)
Saprov . . .     Stasis   .     t - amulet of resist mutation
MR     +....                    (no ring)
                                A - ring of positive energy

@: quite poisoned, very quick, somewhat resistant to hostile enchantments,
extremely stealthy
A: unfitting armour, see invisible, herbivore 3, speed 3, robust 1, slow
metabolism 2
a: Renounce Religion


You were on level 7 of the Dungeon.
You worshipped Dithmenos.
Dithmenos was noncommittal.
You were not hungry.

You visited 2 branches of the dungeon, and saw 9 of its levels.

You collected 260 gold pieces.

Inventory:

Hand weapons
 a - a +1,+2 dagger (weapon)
 b - a +0 blowgun
Missiles
 d - 12 darts (quivered)
 h - 15 sling bullets
 C - 4 sling bullets of frost
 D - 13 poisoned sling bullets
 E - 72 stones
 F - 24 poisoned needles
Armour
 r - a +0 buckler
 G - a +1 robe (worn)
Comestibles
 B - 2 chokos
Scrolls
 f - 2 scrolls of noise {unknown}
 i - 3 scrolls of identify
 j - 5 scrolls of recharging {unknown}
 k - a scroll of random uselessness {unknown}
 m - 8 scrolls of remove curse {unknown}
 n - 3 scrolls of curse jewellery {unknown}
 q - a scroll of enchant armour {unknown}
 s - a scroll of immolation {unknown}
 u - a scroll of amnesia {unknown}
 v - a scroll of enchant weapon I {unknown}
 w - 3 scrolls of teleportation {unknown}
 y - a scroll of curse armour {unknown}
 z - 2 scrolls of magic mapping {unknown}
Jewellery
 t - an amulet of resist mutation (around neck)
 A - a ring of positive energy (left hand)
Potions
 e - a potion of porridge
 g - 3 potions of restore abilities
 l - 6 potions of curing
 o - 2 potions of speed
 p - a potion of brilliance
 x - a potion of lignification
 H - a potion of cure mutation {unknown}
Books
 c - a book of Maledictions

   Spells                             Type                      Level
   *Corona                            Hexes                        1
   Sure Blade                         Hexes/Charms                 2
   *Ensorcelled Hibernation           Hexes/Ice                    2
   *Confuse                           Hexes                        3
   Enslavement                        Hexes                        4
   Invisibility                       Hexes                        6


   Skills:
 - Level 8.1 Short Blades
 - Level 1.1 Throwing
 - Level 3.0 Dodging
 + Level 12.3 Stealth
 + Level 6.4 Spellcasting
 * Level 4.1 Hexes


You had 14 spell levels left.
You knew the following spells:

 Your Spells              Type           Power        Failure   Level  Hunger
a - Ensorcelled Hibernat  Hex/Ice        ##....       10%         2    None
b - Confuse               Hex            ###.....     10%         3    ##.....
Z - Corona                Hex            ###....      2%          1    None


Dungeon Overview and Level Annotations

Branches:
Dungeon (8/16)             Temple (1/1) D:4
   Lair: D:8-11

Altars:
Cheibriados
Dithmenos
Fedhas
Kikubaaqudgha
Nemelex Xobeh
Okawaru
Sif Muna
Trog
Vehumet
Xom
Yredelemnul
Zin
The Shining One

Annotations:
D:8 exclusion: 2 electric eels


Innate Abilities, Weirdness & Mutations

You are tiny and cannot use many weapons and most armour.
You have supernaturally acute eyesight.
You are a herbivore.
You cover ground extremely quickly.
You need consume almost no food.
You are robust (+10% HP).


Message History

Casting: Ensorcelled Hibernation
Confirm with . or Enter, or press ? or * to list all spells.
Aiming: Ensorcelled Hibernation
Press: ? - help, Shift-Dir - straight line, f/p - killer bee
Aim: a killer bee The killer bee looks drowsy...
* * * LOW HITPOINT WARNING * * *
You feel sick.
The killer bee stings you but does no damage.
The killer bee stings you!
* * * LOW HITPOINT WARNING * * *
You are more poisoned.
The killer bee poisons you!
Casting: Ensorcelled Hibernation
Confirm with . or Enter, or press ? or * to list all spells.
Aiming: Ensorcelled Hibernation
Press: ? - help, Shift-Dir - straight line, f/p - killer bee
Aim: a killer bee (resting)
The killer bee is unaffected.
The killer bee stings you.
You die...

##.....##.#
#8.....8#.#
#.....##.#
#8...8##.#
##.....##.#
#8.....8#.#
##.....##.#
#8.kk8##.#
###@####.#
######.# #......#
##.#...###########
#._...............
##.#..............
#.......%.........
#.................
#.................


You could see 2 killer bees.

Vanquished Creatures
  A hungry ghost (D:7)
  A sky beast (D:7)
  A black bear (D:3)
  2 phantoms
  A crocodile (D:4)
  3 ogres
  A centaur (D:5)
  A gnoll sergeant (D:5)
  A killer bee (D:8)
  2 electric eels (D:8)
  A quasit (D:5)
  3 hounds
  5 crimson imps
  2 jellies
  3 orc wizards
  A giant frog skeleton (D:5)
  9 worker ants
  2 iguanas
  A water moccasin skeleton (D:7)
  A scorpion (D:7)
  An ogre skeleton (D:4)
  Terence (D:3)
  9 adders
  3 gnolls (D:5)
  2 giant mites
  4 worms
  An inept item mimic (D:2)
  2 giant eyeballs
  An ooze (D:1)
  9 orcs
  2 ball pythons
  A bat skeleton (D:4)
  16 hobgoblins
  9 jackals
  3 quokkas
  14 bats
  6 giant cockroaches
  10 giant geckos
  7 giant newts
  11 goblins
  6 kobolds
  A quokka skeleton (D:5)
  7 rats
168 creatures vanquished.

Notes
Turn   | Place    | Note
--------------------------------------------------------------
     0 | D:1      | MirrMurr, the Spriggan Enchanter, began the quest for the Orb.
     0 | D:1      | Reached XP level 1. HP: 9/9 MP: 4/4
   542 | D:1      | Reached skill level 4 in Stealth
   624 | D:1      | Reached XP level 2. HP: 13/13 MP: 7/7
   628 | D:1      | Learned a level 2 spell: Ensorcelled Hibernation
  1051 | D:1      | Reached skill level 5 in Stealth
  1542 | D:2      | Reached XP level 3. HP: 12/16 MP: 9/9
  1622 | D:2      | Learned a level 3 spell: Confuse
  1955 | D:2      | Reached skill level 6 in Stealth
  2123 | D:2      | Reached XP level 4. HP: 21/21 MP: 12/12
  2815 | D:3      | Reached skill level 7 in Stealth
  2859 | D:3      | Noticed Terence
  3066 | D:3      | Killed Terence
  3066 | D:3      | Reached XP level 5. HP: 24/24 MP: 9/14
  3140 | D:3      | Noticed a black bear
  3197 | D:3      | Found a deep blue altar of Sif Muna.
  3686 | D:3      | Killed a black bear
  3686 | D:3      | Reached skill level 8 in Stealth
  3769 | D:3      | Found a shimmering altar of Xom.
  3917 | D:3      | Reached XP level 6. HP: 21/28 MP: 12/17
  4666 | D:4      | Reached skill level 9 in Stealth
  5000 | D:4      | Reached XP level 7. HP: 19/32 MP: 11/20
  5169 | D:4      | Found a staircase to the Ecumenical Temple.
  5175 | Temple   | Entered the Ecumenical Temple
  5299 | D:4      | Reached skill level 5 in Short Blades
  5542 | D:5      | Entered Level 5 of the Dungeon
  6360 | D:5      | Reached skill level 10 in Stealth
  6818 | D:6      | Reached XP level 8. HP: 36/36 MP: 19/23
  6953 | D:6      | Reached skill level 5 in Spellcasting
  7397 | D:6      | Reached skill level 11 in Stealth
  7648 | D:6      | Gained mutation: You are robust (+10% HP). [potion of beneficial mutation]
  8337 | D:7      | Reached skill level 12 in Stealth
  8588 | D:7      | Found a shadowy altar of Dithmenos.
  8598 | D:7      | Became a worshipper of Dithmenos
  9048 | D:7      | Found a glowing golden altar of the Shining One.
  9105 | D:7      | Found a blossoming altar of Fedhas.
  9339 | D:8      | Reached XP level 9. HP: 42/42 MP: 27/27
  9478 | D:7      | Found an iron altar of Okawaru.
  9571 | D:7      | Slain by a killer bee

Action                   |  1- 3 |  4- 6 |  7- 9 || total
-------------------------+-------+-------+-------++-------
Melee: Dagger            |   147 |   123 |   174 ||   444
Throw: Dart              |     7 |       |       ||     7
 Cast: Ensorcelled Hiber |     2 |    46 |    81 ||   129
       Confuse           |       |     1 |    13 ||    14
  Use: Scroll            |     2 |     3 |     4 ||     9
       Potion            |     1 |     1 |     1 ||     3
 Stab: Sleeping          |    11 |    28 |    54 ||    93
       Confused          |       |       |     6 ||     6
       Distracted        |       |       |     1 ||     1
